 Dungeon Crawl Stone Soup version 0.18-a0-1577-gf591c28 (webtiles) character file.

440 4thArraOfDagon the Poker (level 6, 0/51 HPs)
             Began as a Demigod Warper on Mar 18, 2016.
             Slain by a decayed bog body (20 damage)
             ... in an ossuary.
             The game lasted 00:10:50 (2235 turns).

4thArraOfDagon the Poker (Demigod Warper)           Turns: 2235, Time: 00:10:50

Health: 0/51       AC:  5    Str: 16    XL:     6   Next: 42%
Magic:  11/11      EV: 11    Int: 17    God:
Gold:   226        SH:  0    Dex: 17    Spells: 1 memorised, 7 levels left

rFire  . . .     SeeInvis .     s - +1 trident
rCold  . . .     Gourm    .     g - +0 ring mail
rNeg   . . .     Faith    .     (no shield)
rPois  .         Spirit   .     (no helmet)
rElec  .         Dismiss  .     (no cloak)
rCorr  .         Reflect  .     (no gloves)
SustAt +         Harm     .     (no boots)
MR     .....                    (no amulet)
Stlth  ..........               (no ring)
                                b - ring of loudness {ZION

@: exhausted, slowed, very slow, not resistant to hostile enchantments,
extremely unstealthy
A: high mp 1, sustain attributes
a: no special abilities


You were in an ossuary.
You were hungry.

You visited 1 branch of the dungeon, and saw 6 of its levels.
You also visited: Ossuary.

You collected 226 gold pieces.

Inventory:

Hand Weapons
 a - a +0 spear
 e - a +0 mace of protection
 s - a +1 trident (weapon)
Missiles
 w - 20 poisoned needles
Armour
 g - a +0 ring mail (worn)
 l - a +0 chain mail
Jewellery
 b - a ring of loudness (left hand) {ZION< HEARR ME}
Scrolls
 d - 2 scrolls of blinking
 i - a scroll of teleportation
 o - 3 scrolls of enchant weapon
 p - a scroll of fog {unknown}
 t - a scroll of amnesia {unknown}
 u - 2 scrolls of remove curse
 v - a scroll of immolation {unknown}
Potions
 j - 4 potions of brilliance
 k - 2 potions of heal wounds
Books
 c - a book of Spatial Translocations

   Spells                             Type                      Level
   a - Apportation                    Translocation                1
   b - Blink                          Translocation                2
   c - Shroud of Golubria             Charms/Translocation         2
   d - Portal Projectile              Translocation                3
   e - Teleport Other                 Translocation                3
   f - Passage of Golubria            Translocation                4
Comestibles
 f - 3 bread rations
 h - 5 beef jerkies
 m - 3 meat rations
 x - 2 chunks of flesh


   Skills:
 + Level 3.4 Fighting
 * Level 4.9 Polearms
 - Level 0.8 Throwing
 + Level 3.1 Armour
 - Level 1.7 Dodging
 - Level 1.7 Spellcasting
 - Level 2.6 Translocations


You had 7 spell levels left.
You knew the following spells:

 Your Spells              Type           Power        Failure   Level  Hunger
a - Apportation           Tloc           ##........   14%         1    #......


Dungeon Overview and Level Annotations

Branches:
Dungeon (6/15)             Temple (0/1) D:4

Annotations:
D:3 Uhlv's ghost, amateur GrFi


Innate Abilities, Weirdness & Mutations

You have an increased reservoir of magic (+10% MP).
Your attributes are resistant to harm.


Message History

You completely miss the decayed bog body.
The decayed bog body hits you but does no damage.
The decayed bog body touches you. The decayed bog body freezes you!
A decayed bog body comes into view.
You impale the decayed bog body!!
The decayed bog body is almost destroyed.
Unknown command.
You completely miss the decayed bog body.
The decayed bog body is almost destroyed.
The decayed bog body hits you! The decayed bog body touches you.
The decayed bog body freezes you!
A mummy comes into view.
You closely miss the decayed bog body.
The decayed bog body is almost destroyed.
You are no longer berserk.
You are exhausted.
You feel yourself slow down.
You are feeling hungry.
The decayed bog body hits you!!
You die...

##### #..∩#
#.∩.# #...#
###M##'##+##+#
#.'.≈M@≈.≈≈≈n≈
###+#≈#n#+#.≈.
#. P≈. ## ≈≈##
##≈ ≈# #


You could see 2 decayed bog bodies and 2 mummies.

Vanquished Creatures
  2 howler monkeys
  A bog body (Ossuary)
  A crimson imp (D:6)
  2 giant frog zombies (D:6)
  2 hounds
  2 orc priests
  A howler monkey zombie (D:6)
  3 adders
  An adder skeleton (D:4)
  2 worms
  2 giant geckos
  12 orcs
  5 bats
  2 giant cockroaches
  6 goblins
  A hobgoblin (D:2)
  6 kobolds
  A ball python skeleton (D:4)
  7 giant newts
  2 rats (D:1)
61 creatures vanquished.

Notes
Turn   | Place    | Note
--------------------------------------------------------------
     0 | D:1      | 4thArraOfDagon the Demigod Warper began the quest for the Orb.
     0 | D:1      | Reached XP level 1. HP: 17/17 MP: 5/5
     0 | D:1      | jacquesderrida: naice
     0 | D:1      | 4thArraOfDagon: i will follow your advice
     0 | D:1      | 4thArraOfDagon: P
    56 | D:1      | Reached skill level 2 in Polearms
   126 | D:1      | Reached skill level 1 in Armour
   209 | D:2      | Found a blossoming altar of Fedhas.
   209 | D:2      | Found a basalt altar of Yredelemnul.
   210 | D:2      | Found a stormy altar of Qazlal.
   210 | D:2      | Found an oddly glowing altar of Pakellas.
   210 | D:2      | Found a snail-covered altar of Cheibriados.
   210 | D:2      | Found a sacrificial altar of Ru.
   210 | D:2      | Found an iron altar of Okawaru.
   211 | D:2      | Found a white marble altar of Elyvilon.
   315 | D:1      | Reached XP level 2. HP: 22/24 MP: 7/7
   414 | D:2      | Found a faded altar to an unknown god.
   771 | D:3      | Reached skill level 3 in Polearms
   771 | D:3      | Reached XP level 3. HP: 27/29 MP: 8/8
  1097 | D:4      | Found a staircase to the Ecumenical Temple.
  1131 | D:5      | Entered Level 5 of the Dungeon
  1138 | D:5      | Reached XP level 4. HP: 19/37 MP: 9/9
  1351 | D:3      | Noticed Uhlv's ghost (amateur GrFi)
  1374 | D:3      | Found a shadowy altar of Dithmenos.
  1445 | D:4      | Found a basalt altar of Yredelemnul.
  1614 | D:4      | jacquesderrida: iguano
  1772 | D:4      | Reached XP level 5. HP: 42/42 MP: 10/10
  1868 | D:5      | Reached skill level 4 in Polearms
  1922 | D:5      | Noticed an ogre
  2062 | D:6      | Reached XP level 6. HP: 20/51 MP: 11/11
  2095 | D:6      | bart: czy statua ma rmiasma?
  2167 | D:6      | jacquesderrida: Yes!
  2181 | D:6      | bart: cool, thanks.
  2192 | D:6      | jacquesderrida: Dayne mayne
  2210 | D:6      | jacquesderrida: He thinks I understood him!
  2215 | D:6      | Found a sand-covered staircase.
  2219 | Ossuary  | Entered an ossuary
  2233 | Ossuary  | jacquesderrida: Fellow slovinski, you got mislead by my jest...
  2235 | Ossuary  | Slain by a decayed bog body

Vault maps used:
D:1:      minmay_arrival_checkered_box
D:2:      kennysheep_goblin_castle, grunt_temple_overflow_open,
          ecumenical_altar_1, uniq_crazy_yiuf_cottage
D:3:      grunt_dithmenos_smoke, first_bread
D:4:      minmay_temple_entry_glass, yredelemnul_altar_generic
D:6:      enter_ossuary_5
Ossuary:  ossuary_zaba_flooded

Skill      XL: |  1  2  3  4  5  6 |
---------------+-------------------+-----
Polearms       | 2 3 4 |  4.9
Fighting       | 2 3 |  3.4
Armour         | 1 2 3 |  3.1
Throwing       | |  0.8
Dodging        | |  1.7
Spellcasting   | |  1.7
Translocations | |  2.6

Action                   |  1- 3 |  4- 6 || total
-------------------------+-------+-------++-------
Melee: Spear             |    66 |       ||    66
       Mace              |    53 |    62 ||   115
       Trident           |       |   134 ||   134
Throw: Tomahawk          |     5 |       ||     5
       Throwing net      |       |     2 ||     2
  Use: Scroll            |       |     6 ||     6
       Potion            |       |     7 ||     7
  Eat: Chunk             |     2 |     4 ||     6
